 Dungeon Crawl Stone Soup version 0.32-a0-841-g4648e6c457 (webtiles) character file.

Game seed: 16019200548247641841

75 GoldenjunoSP the Magician (level 4, -4/41 HPs)
             Began as an Oni Hedge Wizard on Mar 26, 2024.
             Was a Believer of Ashenzari.
             Slain by a phantom (5 damage)
             ... on level 3 of the Dungeon.
             The game lasted 00:18:30 (2524 turns).

GoldenjunoSP the Magician (Oni Hedge Wizard)        Turns: 2524, Time: 00:18:31

Health: -4/41      AC:  3    Str: 14    XL:     4   Next: 31%
Magic:  4/11       EV:  8    Int: 17    God:    Ashenzari [**....]
Gold:   99         SH:  0    Dex:  8    Spells: 8/14 levels left

rFire   . . .        a - +1 dagger of Supernal Knowledge {Melee, Comp} (curse)
rCold   . . .        (no shield)
rNeg    . . .        b - +0 robe of the Sibylline Secrets {Sorc, Fort} (curse)
rPois   .            c - +0 hat "Stellar Shame" {Bglg, Self} (curse)
rElec   .            (no cloak)
rCorr   .            (gloves unavailable)
SInv    +            (boots unavailable)
Will    .....        (no amulet)
Stlth   +            (no ring)
HPRegen 0.26/turn    (no ring)
MPRegen 0.12/turn

%: no passive effects
@: on blink cooldown
A: large, unfitting armour, horns 1, tough skin 1, double potion healing,
drunken brawling
a: Renounce Religion, Shatter the Chains


You were on level 3 of the Dungeon.
You worshipped Ashenzari.
Ashenzari was pleased with you.
You visited 1 branch of the dungeon, and saw 4 of its levels.

You collected 99 gold pieces.

Inventory:

Hand Weapons
 a - the cursed +1 dagger of Supernal Knowledge (weapon) {Melee, Comp}

   It has a curse which improves the following skills: Melee Combat: Short
   Blades, Long Blades, Axes, Maces & Flails, Polearms, Staves and Unarmed
   Combat.
   Companions: Summonings and Necromancy.
Armour
 b - the cursed +0 robe of the Sibylline Secrets (worn) {Sorc, Fort}

   It has a curse which improves the following skills: Sorcery: Conjurations and
   Alchemy.
   Fortitude: Armour and Shields.
 c - the cursed +0 hat "Stellar Shame" (worn) {Bglg, Self}

   It has a curse which improves the following skills: Beguiling: Hexes and
   Translocations.
   Introspection: Fighting and Spellcasting.
Scrolls
 f - 3 scrolls of identify
 g - a scroll of enchant armour
Potions
 d - a potion of magic


   Skills:
 + Level 0.5(1.1) Fighting
 + Level 0.5(1.1) Short Blades
 + Level 2.1 Dodging
 + Level 1.6 Stealth
 + Level 4.7(5.9) Spellcasting
 + Level 1.1(1.8) Conjurations
 + Level 0.5(1.1) Hexes
 + Level 1.1(1.9) Summonings
 + Level 1.0(1.7) Translocations


You had 8 spell levels left.
You knew the following spells:

 Your Spells              Type           Power      Damage    Failure   Level
a - Magic Dart            Conj           44%        1d5       6%          1
b - Slow                  Hex            32%        N/A       9%          1
c - Call Imp              Summ           22%        N/A       9%          2
d - Blink                 Tloc           20%        N/A       10%         2

Your spell library contained the following spells:

 Spells                   Type           Power      Damage    Failure   Level
 Cigotuvi's Dreadful Rot  Necr/Alch/Air  10%        N/A       19%         2
 Mephitic Cloud           Conj/Alch/Air  7%         N/A       30%         3
 Martyr's Knell           Necr/Summ      8%         N/A       63%         4
 Dispel Undead            Necr           5%         3d7       77%         4


Dungeon Overview and Level Annotations

Branches:
Dungeon (4/15)
 Temple: D:4-7

Altars:
Ashenzari

Shops:
D:1 =


Innate Abilities, Weirdness & Mutations

You are too large for most types of armour.
You have a pair of small horns on your head.
You have tough skin. (AC +1)
You gain doubled healing and magic from potions.
Whenever you drink a healing potion, you attack all around you.


Message History

The phantom blinks!
You blink.
The phantom hits you.
* * * LOW HITPOINT WARNING * * *
The phantom attacks as it pursues you! The phantom hits you.
* * * LOW HITPOINT WARNING * * *
The phantom blinks!
You blink.
Casting: Slow (safe; 9% risk of failure)
Confirm with . or Enter, or press ? or * to list all spells.
You blink.
Casting: Blink (safe; 10% risk of failure)
Confirm with . or Enter, or press ? or * to list all spells.
You don't know that spell.
The phantom attacks as it pursues you!
The phantom hits you but does no damage.
The phantom attacks as it pursues you! The phantom closely misses you.
The phantom attacks as it pursues you! The phantom barely misses you.
Casting: Blink (safe; 10% risk of failure)
Confirm with . or Enter, or press ? or * to list all spells.
You are still too unstable to blink.
There is a stone staircase leading down here.
The phantom hits you.
* * * LOW HITPOINT WARNING * * *
You climb downwards.
You hear the sound of rushing water.
There is an entrance to a sewer on this level.
Hurry and find it before the portal rusts away!
The gnoll shouts!
You hear a shout! x2; You hear an angry hiss.
Found a scroll of fear.
You have a vision of a gate.
There is a stone staircase leading up here.
You feel ready to blink again.
The phantom hits you but does no damage.
You climb upwards.
There is a stone staircase leading down here.
Casting: Blink (safe; 10% risk of failure)
Confirm with . or Enter, or press ? or * to list all spells.
You blink.
The phantom attacks as it pursues you! The phantom hits you.
* * * LOW HITPOINT WARNING * * *
The phantom attacks as it pursues you! The phantom hits you.
You die...

#>....... #.#.##### #.#
#........ #.# #.# #...#####
#.#.#.# #........
#.#.#.###....####
#.#...........#
##.#.#.##.W....#
##.........@....##
#................#
#...........<.....##
##.#...............####
##.#..................####
#...........................
##.#..................######
#.#..................#
#.#...#.#............#


You could see a phantom.

Vanquished Creatures
  An adder (D:2)
  2 ribbon worms (D:2)
  7 bats
  5 endoplasms
  6 giant cockroaches
  4 goblins
  2 hobgoblins
  3 jackals (D:1)
  3 kobolds (D:1)
  2 quokkas (D:1)
  6 ball pythons
  2 rats
43 creatures vanquished.

Vanquished Creatures (collateral kills)
  An adder (D:2)
  A goblin (D:2)
  A kobold (D:2)
3 creatures vanquished.

Grand Total: 46 creatures vanquished

Notes
Turn   | Place    | Note
-------+----------+-------------------------------------------
     0 | D:1      | GoldenjunoSP the Oni Hedge Wizard began the quest for the
                  | Orb.
     0 | D:1      | Reached XP level 1. HP: 16/16 MP: 5/5
     9 | D:1      | Learned a level 1 spell: Slow
   166 | D:1      | Reached XP level 2. HP: 24/24 MP: 3/6
   170 | D:1      | Reached skill level 4 in Spellcasting
   448 | D:1      | Found a faded altar of an unknown god.
   461 | D:1      | Reached XP level 3. HP: 29/32 MP: 1/8
   477 | D:1      | Prayed at the altar of an unknown god.
   477 | D:1      | Became a worshipper of Ashenzari the Shackled
   528 | D:1      | Found Lienian's Jewellery Shop.
   801 | D:1      | Reached skill level 1 in Conjurations
  1196 | D:2      | Reached * piety under Ashenzari
  1597 | D:2      | Reached ** piety under Ashenzari
  1601 | D:2      | Learned a level 2 spell: Call Imp
  1604 | D:2      | Learned a level 2 spell: Blink
  1685 | D:2      | Reached XP level 4. HP: 28/41 MP: 0/11
  1716 | D:2      | Reached skill level 1 in Summonings
  1716 | D:2      | Reached skill level 1 in Translocations
  1726 | D:2      | Identified the cursed +0 hat "Stellar Shame" {Bglg, Self}
  1726 | D:2      | Identified the cursed +0 robe of the Sibylline Secrets
                  | {Sorc, Fort}
  2129 | D:3      | Noticed a phantom
  2507 | D:3      | HP: 2/41 [phantom (3)]
  2514 | D:3      | HP: 2/41 [phantom (2)]
  2523 | D:3      | HP: 1/41 [phantom (4)]
  2524 | D:3      | Slain by a phantom

Illustrated notes

Levels and vault maps discovered:
D:1:      evilmike_arrival_plus, layout_loops_cross, serial_shops, shop,
          hellmonk_ecumenical_altar_pennies_from_heaven, grunt_decor_one_mirror
D:2:      layout_basic, hangedman_decor_points
D:3:      layout_basic, chequers_temple_overflow_statue_of_worship,
          mainiacjoe_overflow_catwalk
D:4:      layout_loops_ring, lightli_sewer_entry_pipes,
          nicolae_shop_firing_range, uniq_natasha, uniq_eustachio

Skill      XL: |  1  2  3  4 |
---------------+-------------+-----
Spellcasting   | 4 |  4.7
Dodging        | 2 |  2.1
Conjurations   | 1 |  1.1
Summonings     | 1 |  1.1
Translocations | 1 |  1.0
Fighting       | |  0.5
Short Blades   | |  0.5
Stealth        | |  1.6
Hexes          | |  0.5

Action                     |  1- 3 |  4- 6 || total
---------------------------+-------+-------++-------
  Melee: Dagger            |   112 |    83 ||   195
         Headbutt          |    21 |     8 ||    29
   Cast: Magic Dart        |    61 |     8 ||    69
         Slow              |    18 |     8 ||    26
         Call Imp          |     3 |     4 ||     7
         Blink             |     1 |     4 ||     5
 Invoke: Curse Item        |     3 |       ||     3
    Use: Scroll            |     3 |       ||     3
         Potion            |     1 |     5 ||     6
 Armour: Robe              |   103 |    87 ||   190
         Skin              |       |    21 ||    21
  Dodge: Dodged            |    63 |    49 ||   112

Table legend: (Time is in decaauts)
 A = Elapsed time spent in this place.
 B = Non-inter-level travel time spent in this place.
 C = Inter-level travel time spent in this place.
 D = Time resting spent in this place.
 E = Time spent auto-exploring this place.
 F = Levels seen in this place.
 G = Mean time per level.
                   A        B        C        D        E       F      G
               +--------+--------+--------+--------+--------+-----+--------+
         Total |   2505 |   2457 |     48 |      0 |   1452 |   4 |  626.2 |
       Dungeon |   2505 |   2457 |     48 |      0 |   1452 |   4 |  626.2 |
               +--------+--------+--------+--------+--------+-----+--------+

Top non-repeatable levels by time:
     D:2: 1246 daAuts
     D:1: 1135 daAuts
     D:3: 121 daAuts
     D:4: 1 daAuts
